 Dungeon Crawl Stone Soup version 0.26-a0-667-g92642533e4 (webtiles) character file.

Game seed: 11479182807951507414

165 vortex the Magician (level 5, -2/29 HPs)
             Began as a Deep Elf Fire Elementalist on Oct 16, 2020.
             Killed by divine providence
             ... invoked by an orc priest
              (13 damage)
             ... on level 3 of the Dungeon.
             The game lasted 00:11:19 (3319 turns).

vortex the Magician (Deep Elf Fire Elementalist)    Turns: 3319, Time: 00:11:19

Health: -2/29      AC:  3    Str:  6    XL:     5   Next: 21%
Magic:  6/13       EV: 14    Int: 20    God:
Gold:   163        SH:  0    Dex: 15    Spells: 7/12 levels left

rFire    . . .     SeeInvis .   e - +0 dagger
rCold    . . .     Faith    .   (no shield)
rNeg     . . .     Spirit   .   a - +0 robe
rPois    .         Reflect  .   (no helmet)
rElec    .         Harm     .   (no cloak)
rCorr    .         Rampage  .   (no gloves)
MR       .....                  m - +0 pair of boots (curse)
Stlth    ++........             (no amulet)
HPRegen  0.09/turn              (no ring)
MPRegen  0.13/turn              (no ring)

@: very slightly contaminated
A: no striking features
a: no special abilities


You were on level 3 of the Dungeon.
You visited 1 branch of the dungeon, and saw 3 of its levels.

You collected 163 gold pieces.

Inventory:

Hand Weapons
 e - a +0 dagger (weapon)
Missiles
 b - 25 poisoned darts (quivered)
Armour
 a - a +0 robe (worn)
 m - a cursed +0 pair of boots (worn)
Scrolls
 c - 3 scrolls of identify {unknown}
 d - a scroll of enchant armour {unknown}
 i - 2 scrolls of remove curse {unknown}
 j - 2 scrolls of blinking {unknown}
 l - a scroll of teleportation {unknown}
 n - a scroll of immolation {unknown}
 o - a scroll of enchant weapon {unknown}
Potions
 f - a potion of invisibility {unknown}
 g - a potion of haste {unknown}
 h - a potion of cancellation {unknown}
 k - a potion of curing {unknown}


   Skills:
 + Level 1.5 Fighting
 + Level 3.6 Dodging
 - Level 2.4 Stealth
 + Level 4.2 Spellcasting
 + Level 2.5 Conjurations
 + Level 4.2 Fire Magic


You had 7 spell levels left.
You knew the following spells:

 Your Spells              Type           Power        Failure   Level
a - Foxfire               Conj/Fire      ###.         3%          1
c - Sticky Flame          Conj/Fire      ###.....     30%         4

Your spell library contained the following spells:

 Spells                   Type           Power        Failure   Level
 Conjure Flame            Conj/Fire      ###.....     10%         3
 Inner Flame              Hex/Fire       ##......     16%         3
 Fireball                 Conj/Fire      ###.......   65%         5


Dungeon Overview and Level Annotations

Branches:
Dungeon (3/15)

Altars:
Gozag
Hepliaklqana
Nemelex Xobeh
Okawaru
Yredelemnul
The Shining One

Shops:
D:2 *

Annotations:
D:2 firewood
D:3 3 runed translucent doors, robertstho's ghost, amateur KoHu


Message History

Casting: Foxfire (safe; 3% risk of failure)
Confirm with . or Enter, or press ? or * to list all spells.
You conjure some foxfire!
The foxfire hits the worm!
You kill the worm!
Throwing (i - inventory)
b - 26 poisoned darts (quivered)
Press: ? - help, Shift-Dir - straight line, f - orc priest
Aim: an orc priest, wielding a +1 mace of holy wrath and wearing a +0 ring mail You throw a poisoned dart.
The poisoned dart hits the orc priest.
The orc priest is poisoned.
The foxfire hits the orc.
The orc is almost dead.
The foxfire hits the orc but does no damage.
The orc is almost dead.
The foxfire hits the orc but does no damage.
The orc is almost dead.
Casting: Foxfire (safe; 3% risk of failure)
Confirm with . or Enter, or press ? or * to list all spells.
You conjure some foxfire!
The orc priest calls down the wrath of Beogh upon you.
Beogh smites you!
You die...

...............#.#
#.###.#
.#......#....###.#
#...#
.#......#....###.#
###.#
........#........#
#.#
....###.###'#...##
#.# ....# ...
..#...# #.# .####
.. ..#...######.#
.. ..#..§v......#
.# #.§§@####### .#
.....o§v# .# ..#
####.o..# .#....#
..o...# ......#
........# ## ...##
........# .#.....#
........# .#.....#
........# ...#


You could see an orc priest (poisoned), an orc wizard and an orc.

Vanquished Creatures
  2 orc wizards (D:3)
  3 adders
  A worm (D:3)
  5 dart slugs
  2 leopard geckos
  4 orcs (D:3)
  3 bats
  4 giant cockroaches
  4 hobgoblins
  3 jackals (D:1)
  11 kobolds
  3 frilled lizards
  9 goblins
  7 rats
  A spectral orc (D:2)
62 creatures vanquished.

Vanquished Creatures (collateral kills)
  5 foxfires (D:2)
5 creatures vanquished.

Vanquished Creatures (others)
  217 foxfires
  5 plants
222 creatures vanquished.

Grand Total: 289 creatures vanquished

Notes
Turn   | Place    | Note
-------+----------+-------------------------------------------
     0 | D:1      | vortex the Deep Elf Fire Elementalist began the quest for
                  | the Orb.
     0 | D:1      | Reached XP level 1. HP: 10/10 MP: 6/6
   156 | D:1      | Reached XP level 2. HP: 15/15 MP: 1/8
   799 | D:1      | Reached XP level 3. HP: 20/20 MP: 5/9
  1301 | D:2      | Found Gozag's Platinum Reserve.
  1303 | D:2      | Found an opulent altar of Gozag.
  1516 | D:2      | Reached skill level 1 in Fighting
  1772 | D:2      | Found a glowing golden altar of the Shining One.
  1944 | D:2      | Reached XP level 4. HP: 25/25 MP: 8/11
  2209 | D:2      | Found a basalt altar of Yredelemnul.
  2585 | D:3      | Learned a level 4 spell: Sticky Flame
  2590 | D:3      | Found a sparkling altar of Nemelex Xobeh.
  2590 | D:3      | Found a hazy altar of Hepliaklqana.
  2590 | D:3      | Found an iron altar of Okawaru.
  2877 | D:3      | Reached XP level 5. HP: 29/29 MP: 7/13
  2934 | D:3      | Noticed Jessica
  2961 | D:3      | Found a runed translucent gate.
  2961 | D:3      | Found a runed translucent gate.
  2961 | D:3      | Found a runed translucent gate.
  2964 | D:3      | Noticed robertstho's ghost (amateur KoHu)
  3319 | D:3      | Killed from afar by an orc priest

Illustrated notes

Levels and vault maps discovered:
D:1:      dpeg_arrival_round_a, layout_loops_ring
D:2:      minmay_general_purpose_star, layout_loops_ring, lemuel_crystal_altar,
          yredelemnul_forgotten_temple_becter, serial_forest,
          infiniplex_forest_fountain, infiniplex_forest_straight_3,
          infiniplex_forest_clump_curved, infiniplex_forest_clump_large,
          infiniplex_forest_end_1, infiniplex_forest_diagonal,
          infiniplex_forest_end_3, infiniplex_forest_straight_1,
          infiniplex_forest_lined_2, palyth_stone_intersect,
          nicolae_gozag_zags_fifth_avenue
D:3:      layout_basic, gammafunk_temple_overflow_forgotten,
          ebering_ghost_rock_garden, uniq_jessica

Skill      XL: |  1  2  3  4 |
---------------+-------------+-----
Dodging        | 3 |  3.6
Fighting       | 1 |  1.5
Conjurations   | 2 |  2.5
Spellcasting   | 4 |  4.2
Fire Magic     | 4 |  4.2
Stealth        | |  2.4

Action                   |  1- 3 |  4- 6 || total
-------------------------+-------+-------++-------
Melee: Dagger            |     3 |     2 ||     5
Throw: Dart              |    13 |     8 ||    21
 Cast: Foxfire           |    71 |    57 ||   128
Dodge: Dodged            |     6 |     2 ||     8

Table legend: (Time is in decaauts)
 A = Elapsed time spent in this place.
 B = Non-inter-level travel time spent in this place.
 C = Inter-level travel time spent in this place.
 D = Time resting spent in this place.
 E = Time spent auto-exploring this place.
 F = Levels seen in this place.
 G = Mean time per level.
                   A        B        C        D        E       F      G
               +--------+--------+--------+--------+--------+-----+--------+
         Total |   3317 |   3237 |     80 |      0 |   2875 |   3 | 1105.7 |
       Dungeon |   3317 |   3237 |     80 |      0 |   2875 |   3 | 1105.7 |
               +--------+--------+--------+--------+--------+-----+--------+

Top non-repeatable levels by time:
     D:2: 1292 daAuts
     D:1: 1285 daAuts
     D:3: 739 daAuts
